 Dungeon Crawl Stone Soup version 0.20.0-8-g6b59dc7 (webtiles) character file.

44 Chiseanne the Magician (level 3, 6/24 HPs)
             Began as a Demonspawn Wizard on June 2, 2017.
             Quit the game on level 2 of the Dungeon.
             The game lasted 00:02:00 (1473 turns).

Chiseanne the Magician (Demonspawn Wizard)          Turns: 1473, Time: 00:02:00

Health: 6/24       AC:  2    Str: 12    XL:     3   Next: 41%
Magic:  0/8        EV: 12    Int: 20    God:
Gold:   80         SH:  0    Dex: 11    Spells: 8/9 levels left

rFire    . . .     SeeInvis .   j - +0 short sword
rCold    . . .     Gourm    .   (no shield)
rNeg     . . .     Faith    .   a - +0 robe
rPois    .         Spirit   +   b - +0 hat
rElec    .         Reflect  .   (no cloak)
rCorr    .         Harm     .   (no gloves)
MR       .....                  (no boots)
Stlth    ++........             (no amulet)
Regen    0.1/turn               (no ring)
MPRegen  0.2/turn               (no ring)

@: mighty
A: demonic guardian 1, magic shield
a: no special abilities


You were on level 2 of the Dungeon.
You were hungry.

You visited 1 branch of the dungeon, and saw 2 of its levels.

You collected 80 gold pieces.

Inventory:

Hand Weapons
 j - a +0 short sword (weapon)
Missiles
 h - 17 arrows
 k - 13 stones (quivered)
Armour
 a - a +0 robe (worn)
 b - a +0 hat (worn)
Potions
 l - a potion of lignification {unknown}
Books
 c - a book of Minor Magic

   Spells                             Type                      Level
   a - Magic Dart                     Conjuration                  1
   b - Blink                          Translocation                2
   c - Call Imp                       Summoning                    2
   d - Slow                           Hexes                        2
   e - Conjure Flame                  Conjuration/Fire             3
   f - Mephitic Cloud                 Conjuration/Poison/Air       3
Comestibles
 d - 2 bread rations
 f - 2 fruits
 g - a meat ration


   Skills:
 - Level 1.7 Dodging
 - Level 1.7 Stealth
 * Level 3.8 Spellcasting
 * Level 2.1 Conjurations
   Level 1.0 Summonings
   Level 0.8 Translocations


You had 8 spell levels left.
You knew the following spells:

 Your Spells              Type           Power        Failure   Level  Hunger
a - Magic Dart            Conj           ##..         5%          1    None


Dungeon Overview and Level Annotations

Branches:
Dungeon (2/15)

Altars:

Annotations:
D:2 1 runed door


Innate Abilities, Weirdness & Mutations

A weak demonic guardian rushes to your aid.
When hurt, damage is shared between your health and your magic reserves.


Message History

Press: ? - help, Shift-Dir - straight line, f - Natasha
Aim: Natasha (almost dead)
The magic dart hits Natasha.
Natasha is almost dead.
Natasha barely misses you.
Casting: Magic Dart
Confirm with . or Enter, or press ? or * to list all spells.
You don't have enough magic to cast that spell.
You puncture Natasha!
You kill Natasha!
Natasha yowls pathetically as she dies!
Your Conjurations skill increases to level 2!
You have reached level 3!
Your experience leads to an increase in your attributes!
Your base attributes are Str 7, Int 19, Dex 11.
Increase (S)trength, (I)ntelligence, or (D)exterity?
You feel clever.
Your demonic ancestry asserts itself...
You feel the presence of a demonic guardian.
You see here the felid corpse of Natasha.
Are you sure you want to abandon this character and quit the game? (Confirm with "yes".)

#####.. ##. . ###.
.## ...... #.#
#####. #.# #.
#######.########.
###)#..#...........
#.@#)........###...
+.####......#.......
# ##.#..######...
###### #... #<..
#... ####


There were no monsters in sight!

Vanquished Creatures
  Natasha (D:2)
  A leopard gecko (D:1)
  3 giant cockroaches
  A goblin (D:1)
  3 hobgoblins
  5 bats (D:1)
  3 kobolds (D:1)
  2 rats
19 creatures vanquished.

Notes
Turn   | Place    | Note
-------+----------+-------------------------------------------
     0 | D:1      | Chiseanne the Demonspawn Wizard began the quest for the Orb.
     0 | D:1      | Reached XP level 1. HP: 13/13 MP: 4/4
   833 | D:1      | Gained mutation: When hurt, damage is shared between your health and your magic reserves. [demonic ancestry]
   833 | D:1      | Reached XP level 2. HP: 19/19 MP: 0/6
  1328 | D:2      | Found a faded altar of an unknown god.
  1462 | D:2      | Found a runed door.
  1462 | D:2      | Noticed Natasha
  1471 | D:2      | Killed Natasha
  1471 | D:2      | Gained mutation: A weak demonic guardian rushes to your aid. [demonic ancestry]
  1471 | D:2      | Reached XP level 3. HP: 6/24 MP: 0/8
  1473 | D:2      | Quit the game

Skill      XL: |  1  2 |
---------------+-------+-----
Conjurations   | 2 |  2.1
Dodging        | |  1.7
Stealth        | |  1.7
Spellcasting   | |  3.8
Summonings     | |  1.0
Translocations | |  0.8

Action                   || total
-------------------------++-------
Melee: Unarmed           ||    23
       Short sword       ||    17
 Cast: Magic Dart        ||    53
  Use: Scroll            ||     2
       Potion            ||     1
  Eat: Chunk             ||     1
Armor: Robe              ||    10
Dodge: Dodged            ||    38
